 Dungeon Crawl Stone Soup version 0.30-a0-913-g9934a0ce24 (webtiles) character file.

Game seed: 5155608625120590540

128 cforsyth the Trooper (level 5, -4/42 HPs)
             Began as a Human Fighter on Mar 19, 2023.
             Succumbed to Robin's poison
             ... on level 4 of the Dungeon.
             The game lasted 00:03:56 (2454 turns).

cforsyth the Trooper (Human Fighter)                Turns: 2454, Time: 00:03:56

Health: -4/42      AC: 13    Str: 19    XL:     5   Next: 34%
Magic:  5/5        EV:  5    Int:  8    God:
Gold:   191        SH:  4    Dex: 12    Spells: 4/4 levels left

rFire   . . .      SeeInvis .    a - +0 flail
rCold   . . .      Faith    .    c - +0 buckler
rNeg    . . .      Spirit   .    k - +0 plate armour
rPois   .          Reflect  .    (no helmet)
rElec   .          Rampage  .    (no cloak)
rCorr   .                        (no gloves)
Will    .....                    (no boots) Stlth
                                 (no amulet)
HPRegen 0.27/turn                e - ring of flight
MPRegen 0.09/turn                (no ring)

@: mighty, lethally poisoned (-4 -> -22), flying
A: iridescent scales 1, high MP 1
a: no special abilities


You were on level 4 of the Dungeon.
You visited 1 branch of the dungeon, and saw 4 of its levels.

You collected 191 gold pieces.

Inventory:

Hand Weapons
 a - a +0 flail (weapon)
Armour
 b - a +0 scale mail
 c - a +0 buckler (worn)
 k - a +0 plate armour (worn)
Jewellery
 e - a ring of flight (left hand)
Scrolls
 f - a scroll of enchant weapon {unknown}
 g - 3 scrolls of identify {unknown}
 h - a scroll of enchant armour {unknown}
 i - 4 scrolls of teleportation {unknown}
 j - a scroll of fear {unknown}
 m - 2 scrolls of amnesia {unknown}
 p - a scroll of noise {unknown}
 q - a scroll of vulnerability {unknown}
Potions
 o - 2 potions of degeneration {unknown}


   Skills:
 + Level 3.8 Fighting
 + Level 3.0 Maces & Flails
 + Level 3.8 Armour
 + Level 3.8 Shields


You had 4 spell levels left.
You didn't know any spells.
Your spell library contained the following spells:

 Spells                   Type           Power      Damage    Failure   Level
 Beastly Appendage        Tmut           0%         N/A       100%        1
 Wereblood                Tmut           0%         N/A       100%        2
 Spider Form              Tmut/Pois      0%         N/A       100%        3


Dungeon Overview and Level Annotations

Branches:
Dungeon (4/15)
 Temple: D:4-7

Altars:
Cheibriados
Trog

Annotations:
D:4 Robin


Innate Abilities, Weirdness & Mutations

You are partially covered in iridescent scales. (AC +2)
You have an increased reservoir of magic. (+10% MP)


Message History

The hobgoblin hits you. The hobgoblin barely misses you.
Robin hits you but does no damage.
You are more poisoned.
You barely miss Ijyb.
Ijyb is moderately wounded.
* * * LOW HITPOINT WARNING * * *
You feel very sick.
Ijyb zaps a wand.
The roots erupt in riotous growth!
The grasping roots grab you!
The hobgoblin is unaffected.
Ijyb is unaffected.
The hobgoblin is unaffected.
Robin is unaffected.
The grasping roots constrict you.
* * * LOW HITPOINT WARNING * * *
The hobgoblin hits you but does no damage. x2
Robin says, "A pitiful Human like you will never find the ORB!"
Unknown command.
You closely miss Ijyb.
Ijyb is moderately wounded.
* * * LOW HITPOINT WARNING * * *
You feel very sick.
The hobgoblin no longer looks unusually strong.
The goblin no longer looks unusually strong.
Ijyb hits you but does no damage. The grasping roots constrict you.
The hobgoblin hits you but does no damage.
Robin roars a battlecry!
The goblins go into a battle-frenzy!
The hobgoblin hits you.
* * * LOW HITPOINT WARNING * * *
Unknown command.
You hit Ijyb but do no damage.
Ijyb is moderately wounded.
* * * LOW HITPOINT WARNING * * *
You feel sick.
Ijyb no longer looks unusually strong.
Ijyb hits you but does no damage. The grasping roots constrict you.
The hobgoblin hits you but does no damage.
Robin hits you but does no damage.
You are more poisoned.
The hobgoblin hits you but does no damage.
You bludgeon Ijyb!!
You kill Ijyb!
You die...

#+###'..'.#### ###
.....#..#....# #..
.....#..####.# #.#
#+###+######)###.#
#......##.#
#.........###.#
#.....##......#
#.....###)#..##
##########@#>#####
#..$....gggg......
#........og.......
#.................
#.................
+.....).....#.....
#...........#.....
#...........#.....
#...........# ....


You could see Robin, an orc priest, 3 hobgoblins and a goblin (strong).

Vanquished Creatures
  Ijyb (D:4)
  3 gnolls (D:3)
  2 adders (D:3)
  A worm (D:2)
  4 dart slugs
  2 orcs (D:4)
  8 ball pythons
  5 bats
  4 endoplasms
  A giant cockroach (D:1)
  7 goblins
  6 hobgoblins
  6 quokkas
  4 frilled lizards
  11 kobolds
  2 rats
67 creatures vanquished.

Notes
Turn   | Place    | Note
-------+----------+-------------------------------------------
     0 | D:1      | cforsyth the Human Fighter began the quest for the Orb.
     0 | D:1      | Reached XP level 1. HP: 18/18 MP: 1/1
    50 | D:1      | Reached XP level 2. HP: 5/24 MP: 2/2
   262 | D:1      | Reached XP level 3. HP: 24/29 MP: 3/3
  1142 | D:2      | Reached XP level 4. HP: 35/35 MP: 4/4
  1772 | D:3      | Found a faded altar of an unknown god.
  2110 | D:3      | Found a bloodstained altar of Trog.
  2146 | D:3      | Reached XP level 5. HP: 17/42 MP: 5/5
  2153 | D:3      | Gained mutation: You are partially covered in iridescent
                  | scales. (AC +2) [potion of mutation]
  2153 | D:3      | Gained mutation: You have an increased reservoir of magic.
                  | (+10% MP) [potion of mutation]
  2391 | D:4      | Found a snail-covered altar of Cheibriados.
  2431 | D:4      | Noticed Robin
  2432 | D:4      | Noticed Ijyb
  2453 | D:4      | HP: 2/42 [poisoned by Robin]
  2454 | D:4      | Killed Ijyb
  2454 | D:4      | Succumbed to Robin's poison

Illustrated notes

Levels and vault maps discovered:
D:1:      wander_arrival_abandoned_jail, layout_basic, kennysheep_boxes
D:2:      layout_loops_corners, minivault_11
D:3:      layout_basic, bloody_trog, hellmonk_ecumenical_altar_lost_god
D:4:      layout_basic, mainiacjoe_overflow_alcove_2,
          mainiacjoe_overflow_24_doors, nicolae_goblin_pals

Skill      XL: |  1  2  3  4  5 |
---------------+----------------+-----
Maces & Flails | 3 |  3.0
Fighting       | |  3.8
Armour         | |  3.8
Shields        | |  3.8

Action                     |  1- 3 |  4- 6 || total
---------------------------+-------+-------++-------
  Melee: Flail             |   114 |    80 ||   194
    Use: Potion            |       |     6 ||     6
 Armour: Scale mail        |    60 |    55 ||   115
         Plate armour      |       |    30 ||    30
  Dodge: Dodged            |    64 |    51 ||   115
  Block: Buckler           |    30 |    26 ||    56

Table legend: (Time is in decaauts)
 A = Elapsed time spent in this place.
 B = Non-inter-level travel time spent in this place.
 C = Inter-level travel time spent in this place.
 D = Time resting spent in this place.
 E = Time spent auto-exploring this place.
 F = Levels seen in this place.
 G = Mean time per level.
                   A        B        C        D        E       F      G
               +--------+--------+--------+--------+--------+-----+--------+
         Total |   2513 |   2455 |     58 |      4 |   1956 |   4 |  628.2 |
       Dungeon |   2513 |   2455 |     58 |      4 |   1956 |   4 |  628.2 |
               +--------+--------+--------+--------+--------+-----+--------+

Top non-repeatable levels by time:
     D:2: 864 daAuts
     D:3: 800 daAuts
     D:1: 767 daAuts
     D:4: 81 daAuts
